[Event "CZE-ch U16 Girls 2023"]
[Site "Teplice"]
[Date "2023.03.17"]
[Round "8.1"]
[White "Zelbova, Lada"]
[Black "Vacekova, Anita"]
[Result "1-0"]
[ECO "D01"]
[WhiteElo "1822"]
[BlackElo "1350"]
[Annotator "NA RC COMBH"]
[PlyCount "107"]
[EventDate "2023.03.09"]
[EventType "swiss"]
[EventCountry "CZE"]
[SourceTitle "playchess.com"]
[Source "ChessBase"]
[SourceQuality "1"]
[TimeControl "40/5400+30:1800+30"]

1. d4 d5 2. Nc3 Nf6 3. Bg5 Nbd7 4. f3 h6 5. Bh4 g5 6. Bf2 e6 7. Qd2 Nb6 8. e4 dxe4 9. fxe4 Bb4 10. Bd3 Na4 11. a3 Nxc3 12. bxc3 ({But not} 12. axb4 $6 Ncxe4 13. Qe3 Nxf2 14. Qxf2 Nd5 $11) 12... Ba5 13. Nf3 b6 14. Ne5 c5 15. Nc6 Qc7 16. Nxa5 bxa5 17. dxc5 Bb7 (17... Rb8 $142 18. Rf1 Nh5) 18. Qe2 Nd7 19. O-O Nxc5 20. Bb5+ ({Better is} 20. Bg3 $18 Qd7 21. Be5) 20... Nd7 21. Rad1 Bc6 22. Bd4 Bxb5 23. Qxb5 Rg8 24. Kh1 a6 25. Qd3 e5 26. Be3 Rc8 27. c4 Nf8 28. Qd5 (28. c5 $16) 28... Rg6 29. Rd3 $2 (29. Bc5 $1 $18) 29... Rd8 (29... Rc6 $14) 30. Qxd8+ Qxd8 31. Rxd8+ Kxd8 32. Rxf7 Nd7 33. Kg1 Nf6 34. Bb6+ Ke8 35. Rc7 a4 36. c5 Nxe4 37. g3 Nc3 38. c6 Nd5 39. Rc8+ Kf7 40. Bc5 e4 41. c7 Nxc7 42. Rxc7+ Kf6 43. Rc6+ Kf7 44. Rxg6 Kxg6 45. g4 h5 46. h3 hxg4 47. hxg4 Kf6 48. Be3 Ke5 49. c4 Kd6 50. Kf2 Ke5 51. Ke2 Kd6 52. Kd2 a5 53. Kc3 Ke5 54. Bxg5 1-0

[Event "CZE-ch U16 Girls 2023"]
[Site "Teplice"]
[Date "2023.03.17"]
[Round "8.2"]
[White "Janouskova, Adela"]
[Black "Havelkova, Beata"]
[Result "1/2-1/2"]
[ECO "B43"]
[WhiteElo "1558"]
[BlackElo "1670"]
[Annotator "NA RC COMBH"]
[PlyCount "97"]
[EventDate "2023.03.09"]
[EventType "swiss"]
[EventCountry "CZE"]
[SourceTitle "playchess.com"]
[Source "ChessBase"]
[SourceQuality "1"]
[TimeControl "40/5400+30:1800+30"]

1. e4 c5 2. Nf3 e6 3. d4 cxd4 4. Nxd4 a6 5. Nc3 Qc7 6. g3 Nf6 7. Bg2 Bb4 8. Bd2 Nc6 9. Nde2 Be7 10. O-O b5 11. Bf4 e5 12. Be3 Bb7 13. a4 b4 14. Nd5 Nxd5 15. exd5 Na5 16. b3 O-O 17. Qd2 Rac8 18. Rac1 Rfe8 19. Rfd1 Bc5 20. Be4 Qb6 21. Qd3 g6 22. g4 Bxe3 23. fxe3 Ba8 24. Bg2 Nb7 25. Kh1 Nc5 26. Qd2 e4 27. Qd4 Qb8 28. h4 Qe5 29. Qxb4 Bxd5 30. Qd4 Bc6 31. Qxe5 Rxe5 32. Nd4 Ne6 33. Nxc6 Rxc6 34. Rxd7 Rc3 35. Re1 Rxc2 36. b4 Ra2 37. a5 Rb5 38. Ra7 Rxb4 39. Rxa6 Nc5 40. Ra8+ Kg7 41. a6 Rxa6 42. Rxa6 Nxa6 43. Rc1 Ra4 44. Kh2 Nb8 45. Kg3 Nd7 46. g5 Ne5 47. Rc7 h5 48. Re7 Ng4 49. Rxe4 1/2-1/2

[Event "CZE-ch U16 Girls 2023"]
[Site "Teplice"]
[Date "2023.03.17"]
[Round "8.3"]
[White "Sikorova, Jana"]
[Black "Cinkova, Vicky"]
[Result "1-0"]
[ECO "D31"]
[WhiteElo "1735"]
[BlackElo "1285"]
[Annotator "NA RC COMBH"]
[PlyCount "107"]
[EventDate "2023.03.09"]
[EventType "swiss"]
[EventCountry "CZE"]
[SourceTitle "playchess.com"]
[Source "ChessBase"]
[SourceQuality "1"]
[TimeControl "40/5400+30:1800+30"]

1. d4 d5 2. c4 e6 3. Nc3 f5 4. Bf4 c6 5. Nf3 Bd6 6. Bxd6 Qxd6 7. e3 Nf6 8. Bd3 O-O 9. O-O Nbd7 10. Qc2 Ne4 11. Rab1 Ndf6 12. Ne5 Nd7 13. f4 Rf6 14. Nxe4 fxe4 15. Be2 c5 16. cxd5 cxd4 17. Qxe4 dxe3 18. dxe6 Nc5 19. Qxe3 Bxe6 20. Rbd1 Qf8 21. g3 Bxa2 22. b4 Na6 23. Nd7 Qxb4 24. Nxf6+ gxf6 25. Bxa6 bxa6 26. Rd7 Rc8 27. Qxa7 h6 28. Rfd1 Re8 29. Rd8 Bf7 30. Rxe8+ Bxe8 31. Qe3 Bf7 32. Qd4 Qb3 33. Re1 a5 34. Qd8+ Kg7 35. Qxa5 Qf3 36. Qf5 Qc3 37. Qe4 Qc5+ 38. Qe3 Qd5 39. Rc1 Qd6 40. Qc5 Qd2 41. Rc2 Qe1+ 42. Kg2 Qe4+ 43. Kh3 Qf3 44. Qf5 h5 45. Rc7 Qf1+ 46. Kh4 Qe2 47. Rxf7+ Kxf7 48. Qxh5+ Qxh5+ 49. Kxh5 Kg7 50. h4 Kh7 51. g4 Kg7 52. g5 f5 53. g6 Kh8 54. Kg5 1-0

[Event "CZE-ch U16 Girls 2023"]
[Site "Teplice"]
[Date "2023.03.17"]
[Round "8.4"]
[White "Hetfleischova, Elen"]
[Black "Dobsa, Emma"]
[Result "0-1"]
[ECO "A11"]
[WhiteElo "1623"]
[BlackElo "1449"]
[Annotator "NA RC COMBH"]
[PlyCount "58"]
[EventDate "2023.03.09"]
[EventType "swiss"]
[EventCountry "CZE"]
[SourceTitle "playchess.com"]
[Source "ChessBase"]
[SourceQuality "1"]
[TimeControl "40/5400+30:1800+30"]

1. c4 c6 2. Nc3 d5 3. cxd5 cxd5 4. d4 Nf6 5. g3 Bf5 6. Bg2 e6 7. Nf3 h6 8. Bf4 Nc6 9. O-O Be7 10. e3 Bh7 11. a3 Nh5 12. Rc1 g5 13. Be5 f6 14. g4 fxe5 15. gxh5 e4 16. Nd2 Bd6 17. Kh1 Rg8 18. f3 g4 19. fxe4 Qh4 20. e5 Nxe5 21. Qe1 g3 22. h3 Nd3 23. Qe2 Nf2+ 24. Rxf2 gxf2 25. Qb5+ Kf7 26. Qxb7+ Qe7 27. Qb3 Qg5 28. Qb7+ Be7 29. Bxd5 Qg1+ 0-1

[Event "CZE-ch U16 Girls 2023"]
[Site "Teplice"]
[Date "2023.03.17"]
[Round "8.5"]
[White "Dudkova, Josefina"]
[Black "Stavova, Marketa"]
[Result "1-0"]
[ECO "D00"]
[WhiteElo "1519"]
[BlackElo "1284"]
[Annotator "NA RC COMBH"]
[PlyCount "89"]
[EventDate "2023.03.09"]
[EventType "swiss"]
[EventCountry "CZE"]
[SourceTitle "playchess.com"]
[Source "ChessBase"]
[SourceQuality "1"]
[TimeControl "40/5400+30:1800+30"]

1. d4 d5 2. Bf4 c5 3. e3 Nc6 4. c3 Nf6 5. Nd2 Bf5 6. Ngf3 e6 7. Be2 Be7 8. O-O O-O 9. Ne5 Qc8 10. g4 Bg6 11. h4 h6 12. h5 Bh7 13. Kh2 Nxe5 14. Bxe5 Nd7 15. Bf4 f6 16. Nf3 c4 17. Qd2 Qc6 18. Bd1 Bd6 19. Bc2 Bxc2 20. Qxc2 Bxf4+ 21. exf4 Qd6 22. Kg3 Rf7 23. Nh4 Re8 24. Rae1 b5 25. Kf3 Qb8 26. Re2 e5 27. Nf5 e4+ 28. Kg3 Rff8 29. Rfe1 a6 30. f3 exf3 31. Nxh6+ Kh8 32. Re7 Rxe7 33. Rxe7 f2 34. Qxf2 gxh6 35. Rxd7 Qc8 36. Rxd5 Qe6 37. Rf5 Rg8 38. Kf3 Re8 39. d5 Qe4+ 40. Kg3 Qd3+ 41. Kh4 Qd1 42. Rxf6 Qxd5 43. Rxh6+ Kg8 44. Rg6+ Kf8 45. Qd4 1-0

[Event "CZE-ch U16 Girls 2023"]
[Site "Teplice"]
[Date "2023.03.17"]
[Round "8.6"]
[White "Vavrinkova, Marie"]
[Black "Dominikova, Denisa"]
[Result "0-1"]
[ECO "C77"]
[WhiteElo "1457"]
[BlackElo "1301"]
[Annotator "NA RC COMBH"]
[PlyCount "70"]
[EventDate "2023.03.09"]
[EventType "swiss"]
[EventCountry "CZE"]
[SourceTitle "playchess.com"]
[Source "ChessBase"]
[SourceQuality "1"]
[TimeControl "40/5400+30:1800+30"]

1. e4 e5 2. Nf3 Nc6 3. Bb5 a6 4. Ba4 Nf6 5. d3 b5 6. Bb3 Be7 7. c3 O-O 8. O-O d6 9. h3 Bb7 10. Nbd2 Na5 11. Bc2 c5 12. Re1 Qc7 13. Nf1 Rfe8 14. Ng3 Nc6 15. Nf5 Bf8 16. Bg5 Nd7 17. N3h4 Ne7 18. Qg4 d5 19. Bxe7 Rxe7 20. Nxe7+ Bxe7 21. Nf5 Bf6 22. Re3 Nf8 23. h4 Ne6 24. Rg3 Kh8 25. Rd1 g6 26. Ne3 d4 27. Nd5 Bxd5 28. exd5 Nf4 29. Rf3 h5 30. Rxf4 hxg4 31. Rxf6 Qe7 32. Rc6 Qxh4 33. Rxc5 Kg7 34. g3 Qh3 35. f3 Rh8 0-1

[Event "CZE-ch U16 Girls 2023"]
[Site "Teplice"]
[Date "2023.03.17"]
[Round "8.7"]
[White "Archlebova, Stela"]
[Black "Reznickova, Sibyla"]
[Result "0-1"]
[ECO "C24"]
[WhiteElo "1360"]
[BlackElo "1386"]
[Annotator "NA RC COMBH"]
[PlyCount "32"]
[EventDate "2023.03.09"]
[EventType "swiss"]
[EventCountry "CZE"]
[SourceTitle "playchess.com"]
[Source "ChessBase"]
[SourceQuality "1"]
[TimeControl "40/5400+30:1800+30"]

1. e4 e5 2. Bc4 Nf6 3. d3 Bc5 4. Nc3 d6 5. Bg5 h6 6. Bh4 Be6 7. Bb3 Nc6 8. Nf3 Nd4 9. Nxd4 Bxd4 10. Qf3 g5 11. Bg3 Bg4 12. Qxf6 Qxf6 13. Nd5 Qd8 14. c3 Bc5 15. h3 Be6 16. O-O-O c6 0-1

[Event "CZE-ch U16 Girls 2023"]
[Site "Teplice"]
[Date "2023.03.17"]
[Round "8.8"]
[White "Kavanova, Anezka"]
[Black "Andilova, Klara"]
[Result "1-0"]
[ECO "C11"]
[WhiteElo "1384"]
[BlackElo "1104"]
[Annotator "NA RC COMBH"]
[PlyCount "31"]
[EventDate "2023.03.09"]
[EventType "swiss"]
[EventCountry "CZE"]
[SourceTitle "playchess.com"]
[Source "ChessBase"]
[SourceQuality "1"]
[TimeControl "40/5400+30:1800+30"]

1. e4 e6 2. d4 d5 3. Nc3 Nf6 4. e5 Nfd7 5. f4 c5 6. Nf3 Nc6 7. Be3 Qb6 8. Na4 Qa5+ 9. Nc3 Qb6 10. Na4 Qa5+ 11. c3 cxd4 12. Nxd4 Nb6 13. Nxb6 Qxb6 14. Qd2 Be7 15. Nxe6 d4 16. Nxd4 1-0

[Event "CZE-ch U16 Girls 2023"]
[Site "Teplice"]
[Date "2023.03.17"]
[Round "8.9"]
[White "Souralova, Jana"]
[Black "Hrbkova, Johana"]
[Result "0-1"]
[ECO "C42"]
[WhiteElo "1187"]
[BlackElo "1254"]
[Annotator "NA RC COMBH"]
[PlyCount "52"]
[EventDate "2023.03.09"]
[EventType "swiss"]
[EventCountry "CZE"]
[SourceTitle "playchess.com"]
[Source "ChessBase"]
[SourceQuality "1"]
[TimeControl "40/5400+30:1800+30"]

1. e4 e5 2. Nf3 Nf6 3. Nc3 Bb4 4. Bc4 O-O 5. d3 d5 6. exd5 Nxd5 7. Bxd5 Qxd5 8. O-O Bxc3 9. bxc3 Bg4 10. Re1 Nc6 11. c4 Qd6 12. h3 Bh5 13. Bb2 Rfe8 14. g4 Bg6 15. Ng5 f5 16. gxf5 Bxf5 17. Qf3 Qg6 18. Qg3 Nd4 19. Bxd4 exd4 20. Nf3 Qb6 21. Reb1 Qh6 22. Kg2 Re6 23. Qh4 Qg6+ 24. Qg3 Qh5 25. Ne5 Rxe5 26. Qxe5 Bxh3+ 0-1

[Event "CZE-ch U16 Girls 2023"]
[Site "Teplice"]
[Date "2023.03.17"]
[Round "8.10"]
[White "Mullerova, Karina Nela"]
[Black "Barteckova, Denisa"]
[Result "1/2-1/2"]
[ECO "A00"]
[WhiteElo "1283"]
[BlackElo "1417"]
[Annotator "NA RC COMBH"]
[PlyCount "48"]
[EventDate "2023.03.09"]
[EventType "swiss"]
[EventCountry "CZE"]
[SourceTitle "playchess.com"]
[Source "ChessBase"]
[SourceQuality "1"]
[TimeControl "40/5400+30:1800+30"]

1. b4 a5 2. b5 d5 3. Bb2 Nf6 4. e3 c5 5. bxc6 bxc6 6. d3 Nbd7 7. Nf3 Qc7 8. Nbd2 e5 9. a3 Bd6 10. c4 Ba6 11. Qc2 O-O 12. Be2 Rfb8 13. O-O Rb7 14. Bc3 Rba7 15. g3 g6 16. h3 Re8 17. Kg2 h6 18. Rfd1 Kg7 19. Re1 Kg8 20. Red1 Kg7 21. Re1 Kg8 22. Red1 Kg7 23. Ne1 d4 24. exd4 exd4 1/2-1/2

[Event "CZE-ch U16 Girls 2023"]
[Site "Teplice"]
[Date "2023.03.17"]
[Round "8.12"]
[White "Foldynova, Julie"]
[Black "Seda, Michaela"]
[Result "1/2-1/2"]
[ECO "C01"]
[WhiteElo "1100"]
[BlackElo "1610"]
[Annotator "NA RC COMBH"]
[PlyCount "127"]
[EventDate "2023.03.09"]
[EventType "swiss"]
[EventCountry "CZE"]
[SourceTitle "playchess.com"]
[Source "ChessBase"]
[SourceQuality "1"]
[TimeControl "40/5400+30:1800+30"]

1. e4 e6 2. d4 d5 3. exd5 exd5 4. Nf3 Bd6 5. Bd3 Bg4 6. h3 Bh5 7. O-O Ne7 8. Re1 c6 9. Bg5 f6 10. Bh4 g5 11. Bg3 Bxg3 12. fxg3 Kf7 13. g4 Bg6 14. c3 Nd7 15. Qe2 Bxd3 16. Qxd3 Ng6 17. g3 Qc7 18. Kg2 h5 19. Rf1 Kg7 20. gxh5 Rxh5 21. Qf5 Rah8 22. Nbd2 g4 23. Qxg4 f5 24. Ng5 fxg4 25. Ne6+ Kg8 26. Nxc7 Rxh3 27. Rh1 Rxh1 28. Rxh1 Rxh1 29. Kxh1 Kf7 30. c4 dxc4 31. Nxc4 Nb6 32. Nxb6 axb6 33. d5 Ke7 34. dxc6 bxc6 35. a4 Kd6 36. Na6 Ne5 37. Kg2 Nc4 38. b4 Nb2 39. a5 bxa5 40. bxa5 Nc4 41. Kf2 Nxa5 42. Ke3 Nc4+ 43. Ke4 Ne5 44. Kf4 Ke6 45. Nc5+ Kd5 46. Ne4 Nd3+ 47. Ke3 Ne5 48. Kf4 Ng6+ 49. Kf5 Kd4 50. Nd6 Ne5 51. Kf4 c5 52. Nf5+ Kd5 53. Ne3+ Kd4 54. Nf5+ Kd5 55. Ne3+ Ke6 56. Nxg4 Nxg4 57. Kxg4 Kd5 58. Kf3 Kd4 59. g4 c4 60. Ke2 c3 61. Kd1 Ke4 62. g5 Kf5 63. Kc2 Kxg5 64. Kxc3 1/2-1/2